 Dungeon Crawl Stone Soup version 0.20.1-1-g8b1a95d (console) character file.

2940 toffzen the Agent of Entropy (level 9, -3/112 HPs)
             Began as a Minotaur Abyssal Knight on Dec 21, 2017.
             Was a Priest of Lugonu.
             Slain by a wyvern (10 damage)
             ... on level 8 of the Dungeon.
             The game lasted 00:43:33 (9131 turns).

toffzen the Agent of Entropy (MiAK)                 Turns: 9131, Time: 00:43:33

Health: -3/112     AC:  8    Str: 23    XL:     9   Next: 51%
Magic:  0/14       EV: 11    Int:  9    God:    Lugonu [***...]
Gold:   347        SH: 10    Dex: 12    Spells: 8/8 levels left

rFire    . . .     SeeInvis .   a - +0 flail
rCold    . . .     Gourm    .   h - +0 shield
rNeg     . . .     Faith    .   t - +0 scale mail
rPois    .         Spirit   +   (helmet restricted)
rElec    .         Reflect  .   (no cloak)
rCorr    .         Harm     .   p - +0 pair of gloves
MR       .....                  (no boots)
Stlth    ..........             x - amulet of guardian spirit
Regen    0.3/turn               (no ring)
MPRegen  0.2/turn               (no ring)

@: berserking, very quick
A: retaliatory headbutt, horns 2
a: Depart the Abyss, Bend Space, Banish, Renounce Religion


You were on level 8 of the Dungeon.
You worshipped Lugonu.
Lugonu was most pleased with you.
You were not hungry.

You visited 1 branch of the dungeon, and saw 8 of its levels.
You visited the Abyss 1 time.

You collected 347 gold pieces.

Inventory:

Hand Weapons
 a - a +0 flail (weapon)
 b - a +0 hunting sling
 C - a +2 mace
Missiles
 k - 274 stones (quivered)
Armour
 h - a +0 shield (worn)
 p - a +0 pair of gloves (worn)
 t - a +0 scale mail (worn)
Jewellery
 x - an amulet of guardian spirit (around neck)
Wands
 g - a wand of disintegration (10/24)
Scrolls
 e - 3 scrolls of teleportation
 f - 5 scrolls of remove curse
 l - 2 scrolls of amnesia {unknown}
 o - 2 scrolls of fog {unknown}
 q - a scroll of random uselessness {unknown}
 r - a scroll of enchant weapon
 v - a scroll of immolation {unknown}
 w - a scroll of blinking {unknown}
 y - a scroll of magic mapping {unknown}
 D - 2 scrolls of noise {unknown}
Potions
 j - a potion of brilliance
 m - a potion of mutation
 n - 6 potions of curing
 s - a potion of berserk rage
 u - a potion of ambrosia {unknown}
 z - a potion of haste {unknown}
 A - a potion of invisibility {unknown}
 B - a potion of lignification {unknown}
Books
 i - a book of Air

   Spells                             Type                      Level
   a - Shock                          Conjuration/Air              1
   b - Swiftness                      Charms/Air                   2
   c - Static Discharge               Conjuration/Air              3
   d - Airstrike                      Air                          4
   e - Lightning Bolt                 Conjuration/Air              5
Comestibles
 c - 5 bread rations


   Skills:
 + Level 6.2 Fighting
 + Level 6.0 Maces & Flails
 + Level 5.6 Armour
 + Level 5.5 Dodging
 + Level 5.1 Shields
 + Level 8.7 Invocations


You had 8 spell levels left.
You didn't know any spells.

Dungeon Overview and Level Annotations

Branches:
Dungeon (8/15)             Temple (0/1) D:6
   Lair: D:8-11

Altars:
Cheibriados
Dithmenos
Elyvilon
Qazlal
Trog
Yredelemnul
Zin
The Shining One

Shops:
D:4 (   D:7 %   D:8 (

Annotations:
D:5 Grinder


Innate Abilities, Weirdness & Mutations

You reflexively headbutt those who attack you in melee.
You have a pair of horns on your head.


Message History

You closely miss the wyvern. Your headbutt misses the wyvern.
The wyvern is severely wounded.
The wyvern bites you!
* * * LOW HITPOINT WARNING * * *
The wyvern bites you.
* * * LOW HITPOINT WARNING * * *
You hit the wyvern but do no damage.
The wyvern is severely wounded.
The wyvern bites you!
* * * LOW HITPOINT WARNING * * *
A red film seems to cover your vision as you go berserk!
You feel yourself moving faster!
You feel mighty! You block the wyvern's attack. x2
You closely miss the wyvern.
The wyvern is heavily wounded.
You block the wyvern's attack.
You closely miss the wyvern.
The wyvern is heavily wounded.
The wyvern bites you!
You die...

##..### #..# #.........## ##...##
#..# #.........# ##...###..#
#.......).# ##...##..#
########.)# ###...).# #(.##
#.....## ##(.#. ##.....########
##..##. ##............# ##.####.
##...#...@###..####.## #.
##...##..l####...##..# #.
#######...........#..<)...## #.
...............((.........# ####.
............(.#.....[##...###....
).............#......###.....####
.....................###....##
..##...##........###........##
.####..####).###..##.....###.##


You could see a wyvern.

Vanquished Creatures
  A water moccasin (D:8)
  A phantom (D:8)
  3 ogres
  2 centaurs (D:5)
  Blork the orc (D:4)
  3 bullfrogs
  A wyvern zombie (D:8)
  A scorpion (D:5)
  5 killer bees (D:8)
  10 wights (D:8)
  3 howler monkeys (D:8)
  2 crimson imps
  A bullfrog zombie (D:5)
  A centaur zombie (D:8)
  A centaur skeleton (D:4)
  2 hounds (D:5)
  A bullfrog skeleton (D:8)
  7 orc priests
  An iguana (D:8)
  2 orc wizards
  3 worker ants
  A killer bee zombie (D:8)
  A hound skeleton (D:8)
  11 adders
  An ooze (D:2)
  An adder skeleton (D:5)
  A worm (D:3)
  3 dart slugs
  6 leopard geckos
  20 orcs
  4 giant cockroaches
  10 hobgoblins
  2 jackals (D:2)
  10 kobolds
  2 quokkas
  2 ball pythons
  5 bats
  5 frilled lizards
  6 goblins
  A leopard gecko skeleton (D:6)
  A leopard gecko zombie (D:6)
  A quokka skeleton (D:6)
  9 rats
  A spectral orc (D:6)
156 creatures vanquished.

Vanquished Creatures (others)
  A two-headed ogre (D:8)
  An orc warrior (D:8)
2 creatures vanquished.

Grand Total: 158 creatures vanquished

Notes
Turn   | Place    | Note
-------+----------+-------------------------------------------
     0 | Abyss:1  | toffzen the Minotaur Abyssal Knight began the quest for the Orb.
     0 | Abyss:1  | Reached XP level 1. HP: 19/19 MP: 1/1
    58 | Abyss:1  | Noticed a white draconian
    59 | D:1      | Escaped the Abyss
   260 | D:1      | Reached skill level 2 in Invocations
   361 | D:1      | Reached XP level 2. HP: 27/27 MP: 2/2
   429 | D:1      | Reached * piety under Lugonu
   735 | D:2      | Found a snail-covered altar of Cheibriados.
   934 | D:2      | Reached XP level 3. HP: 33/33 MP: 3/3
  1100 | D:2      | Reached skill level 1 in Shields
  1553 | D:2      | Reached XP level 4. HP: 40/40 MP: 4/4
  2285 | D:3      | Found a stormy altar of Qazlal.
  2517 | D:3      | Reached ** piety under Lugonu
  2761 | D:3      | Found a shadowy altar of Dithmenos.
  3032 | D:4      | Reached XP level 5. HP: 43/46 MP: 3/5
  3129 | D:4      | Found Xuff's Antique Weapon Shop.
  3741 | D:5      | Entered Level 5 of the Dungeon
  3748 | D:5      | Reached skill level 3 in Invocations
  3748 | D:5      | Reached XP level 6. HP: 50/53 MP: 7/7
  4170 | D:5      | Reached skill level 5 in Fighting
  4218 | D:5      | Reached XP level 7. HP: 61/61 MP: 8/8
  4236 | D:5      | Noticed Blork the orc
  4553 | D:4      | Killed Blork the orc
  4640 | D:5      | Found a glowing silver altar of Zin.
  4693 | D:5      | Noticed Grinder
  4742 | D:5      | Paralysed by Grinder for 2 turns
  5193 | D:6      | Reached skill level 5 in Maces & Flails
  5991 | D:6      | Reached XP level 8. HP: 66/69 MP: 9/9
  6002 | D:6      | Found a bloodstained altar of Trog.
  6002 | D:6      | Found a white marble altar of Elyvilon.
  6107 | D:6      | Reached skill level 4 in Invocations
  6218 | D:6      | Found a glowing golden altar of the Shining One.
  6327 | D:6      | Found a basalt altar of Yredelemnul.
  6362 | D:6      | Found a staircase to the Ecumenical Temple.
  6595 | D:7      | Found Retiab's Food Emporium.
  6616 | D:7      | Reached *** piety under Lugonu
  6701 | D:8      | Reached skill level 5 in Armour
  6977 | D:8      | Found Varec's Weapon Shop.
  7031 | D:8      | Reached skill level 5 in Invocations
  7300 | D:8      | Reached skill level 6 in Invocations
  7496 | D:8      | Reached skill level 7 in Invocations
  7963 | D:8      | Reached XP level 9. HP: 70/74 MP: 11/13
  7980 | D:8      | Reached skill level 8 in Invocations
  8349 | D:8      | Reached skill level 5 in Dodging
  8898 | D:8      | Noticed a two-headed ogre
  8898 | D:8      | Banished a two-headed ogre
  8898 | D:8      | Reached skill level 5 in Shields
  9131 | D:8      | Slain by a wyvern

Skill      XL: |  1  2  3  4  5  6  7  8  9 |
---------------+----------------------------+-----
Invocations    | 2 3 7 8 |  8.7
Dodging        | 2 3 4 5 |  5.5
Shields        | 1 2 3 4 5 |  5.1
Maces & Flails | 3 4 5 6 |  6.0
Armour         | 3 4 5 |  5.6
Fighting       | 4 5 6 |  6.2

Action                   |  1- 3 |  4- 6 |  7- 9 || total
-------------------------+-------+-------+-------++-------
Melee: Mace              |    79 |   146 |   115 ||   340
       Headbutt          |    10 |    26 |    63 ||    99
       Flail             |       |       |   219 ||   219
 Fire: Hunting sling     |       |     3 |       ||     3
Throw: Stone             |    13 |    43 |    94 ||   150
Invok: Depart the Abyss  |     1 |       |       ||     1
       Banish            |       |       |     2 ||     2
  Use: Scroll            |     1 |       |     9 ||    10
       Potion            |       |       |     4 ||     4
  Eat: Chunk             |     2 |     2 |     2 ||     6
       Meat ration       |       |     2 |     2 ||     4
       Bread ration      |       |       |     1 ||     1
Armor: Leather armour    |    13 |       |       ||    13
       Scale mail        |     5 |    64 |    97 ||   166
Dodge: Dodged            |    29 |    65 |   130 ||   224
Block: Shield            |    28 |    67 |   137 ||   232
